 Dungeon Crawl Stone Soup version 0.24.0-125-gc4c63601f3 (webtiles) character file.

Game seed: 15528697238965410911, levelgen mode: deterministic

5537 Mesmaeker13 the Grappler (level 10, -2/104 HPs)
             Began as a Troll Monk on Feb 26, 2020.
             Was a Priest of Qazlal.
             Killed from afar by Erica (11 damage)
             ... with a bolt of poison
             ... on level 10 of the Dungeon.
             The game lasted 00:12:27 (7993 turns).

Mesmaeker13 the Grappler (Troll Monk)               Turns: 7993, Time: 00:12:28

Health: -2/104     AC:  7    Str: 23    XL:     10   Next: 43%
Magic:  11/11      EV: 14    Int:  6    God:    Qazlal [***...]
Gold:   539        SH:  0    Dex: 13    Spells: 9/9 levels left

rFire    + . .     SeeInvis .     - Unarmed
rCold    . . .     Gourm    +   (no shield)
rNeg     . . .     Faith    .   a - +0 robe
rPois    .         Spirit   .   (helmet restricted)
rElec    .         Reflect  +   q - +0 cloak
rCorr    .         Harm     .   (gloves unavailable)
MR       .....                  (boots unavailable)
Stlth    +.........             C - +3 amulet of reflection
HPRegen  0.67/turn              m - ring of fire
MPRegen  0.12/turn              v - ring of protection from cold

@: confused, lethally poisoned (-2 -> -3), slowed, very slow
A: large, unfitting armour, claws 3, fast metabolism 3, gourmand, regeneration
1, shaggy fur 1, tough skin 3
a: Upheaval, Elemental Force, Renounce Religion


You were on level 10 of the Dungeon.
You worshipped Qazlal.
Qazlal was most pleased with you.
You were very full.

You visited 2 branches of the dungeon, and saw 11 of its levels.

You collected 539 gold pieces.

Inventory:

Hand Weapons
 u - a +0 giant club
 y - a +2 flail
Missiles
 i - 14 poisoned darts (quivered)
Armour
 a - a +0 robe (worn)
 d - a +0 shield
 q - a +0 cloak (worn)
Jewellery
 m - a ring of fire (left claw)
 v - a ring of protection from cold (right claw)
 C - a +3 amulet of reflection (around neck)
Wands
 l - a wand of digging (11)
Scrolls
 c - 3 scrolls of magic mapping
 e - 2 scrolls of fog
 f - 3 scrolls of amnesia
 h - 11 scrolls of remove curse
 k - a scroll of teleportation
 p - a scroll of immolation {unknown}
 t - a scroll of enchant weapon {unknown}
 w - 2 scrolls of enchant armour {unknown}
 x - 2 scrolls of blinking {unknown}
Potions
 g - 5 potions of flight
 j - 2 potions of might
 o - a potion of brilliance {unknown}
 z - 2 potions of berserk rage
 A - a potion of magic {unknown}
 B - 3 potions of heal wounds {unknown}
 E - a potion of lignification {unknown}
 F - a potion of ambrosia {unknown}
Comestibles
 b - 16 rations


   Skills:
 + Level 7.7 Fighting
 + Level 7.7 Dodging
 - Level 1.0 Stealth
 + Level 9.2 Unarmed Combat
 + Level 3.2 Evocations


You had 9 spell levels left.
You didn't know any spells.
Your spell library contained the following spells:

 Spells                   Type           Power        Failure   Level  Hunger
 Sting                    Conj/Pois      #...         45%         1    ##.....
 Poisonous Vapours        Pois/Air       #.....       58%         2    ###....
 Mephitic Cloud           Conj/Pois/Air  #.......     83%         3    ####...
 Olgreb's Toxic Radiance  Pois           #.......     99%         4    #####..
 Venom Bolt               Conj/Pois      #.........   100%        5    ######.


Dungeon Overview and Level Annotations

Branches:
Dungeon (10/15)            Temple (1/1) D:7            Lair (0/6) D:9
    Orc: D:9-12

Altars:
Ashenzari
Cheibriados
Dithmenos
Elyvilon
Fedhas
Gozag
Hepliaklqana
Kikubaaqudgha
Makhleb
Nemelex Xobeh
Okawaru
Qazlal
Ru
Sif Muna
Trog
Uskayaw
Vehumet
Wu Jian
Xom
Yredelemnul
Zin
The Shining One

Annotations:
D:10 Erica


Innate Abilities, Weirdness & Mutations

You are too large for most types of armour.
You have claws for hands.
Your metabolism is lightning-fast.
You like to eat raw meat.
Your natural rate of healing is unusually fast.
You are covered in fur. (AC +1)
You have extremely tough skin. (AC +3)


Message History

Something tries to affect you, but you resist.
You hear some strange, mumbled words.
You feel yourself slow down.
Your surroundings seem slightly different.
You block something's attack.
As you read the scroll of teleportation, it crumbles to dust.
You feel strangely unstable. Something hits you.
* * * LOW HITPOINT WARNING * * *
You hear some strange, mumbled words.
An orb of energy appears from out of thin air!
The orb of energy hits you.
* * * LOW HITPOINT WARNING * * *
Your surroundings seem slightly different.
You hear some strange, mumbled words.
You are confused.
You hear some strange, mumbled words.
A bolt of poison appears from out of thin air!
The bolt of poison hits you!
You are poisoned.
You die...

.......[..(.......#..# #####
..................#..###....
.......[[.=.......#....#....
..........[.......#....'....
'.................#....#....
#.................#....#....
#...........[.§...#....#....
#+##########....#.######....
#.......<..@....#...........
#..........○....+...........
#.........○.....#...........
#.............[...#...........
##############################


There were no monsters in sight!

Vanquished Creatures
  The ghost of shugdite the Carver, a novice MiMo of Okawaru (D:7)
  A shadow (D:9)
  3 yaks (D:6)
  A wyvern (D:8)
  Eustachio (D:4)
  A water moccasin (D:9)
  4 orc warriors
  5 sky beasts
  A phantom (D:4)
  A black bear (D:10)
  An ice beast (D:8)
  2 ogres
  A big kobold (D:9)
  3 bullfrogs
  A gnoll sergeant (D:5)
  3 scorpions
  9 wights
  2 howler monkeys
  2 crimson imps
  A centaur zombie (D:8)
  A bullfrog zombie (D:9)
  A quasit (D:8)
  3 jellies
  Crazy Yiuf (D:3)
  2 centaur skeletons
  A gnoll shaman (D:4)
  2 orc priests
  7 hounds
  5 iguanas
  Jessica (D:3)
  12 orc wizards
  8 worker ants
  2 hound zombies
  Robin (D:4)
  A hound skeleton (D:7)
  2 worker ant zombies (D:8)
  9 gnolls
  14 adders
  5 shadow imps
  An adder skeleton (D:4)
  3 worms
  3 dart slugs (D:2)
  41 orcs
  3 ball pythons
  12 bats
  7 giant cockroaches
  16 goblins
  10 hobgoblins
  2 jackals (D:2)
  6 quokkas
  3 frilled lizards
  A jackal zombie (D:7)
  17 kobolds
  A leopard gecko skeleton (D:6)
  A leopard gecko zombie (D:6)
  9 rats
258 creatures vanquished.

Notes
Turn   | Place    | Note
-------+----------+-------------------------------------------
     0 | D:1      | Mesmaeker13 the Troll Monk began the quest for the Orb.
     0 | D:1      | Reached XP level 1. HP: 22/22 MP: 0/0
    78 | D:1      | You fall into a shaft and drop 1 floor!
   112 | D:2      | Reached XP level 2. HP: 27/29 MP: 1/1
   260 | D:1      | Reached XP level 3. HP: 36/36 MP: 2/2
   677 | D:2      | Reached XP level 4. HP: 45/45 MP: 3/3
   867 | D:2      | Noticed an ogre
  1125 | D:3      | Reached skill level 4 in Unarmed Combat
  1330 | D:3      | Found a runed translucent door.
  1331 | D:3      | Noticed Crazy Yiuf
  1455 | D:3      | Reached XP level 5. HP: 48/53 MP: 4/4
  1522 | D:3      | Noticed Jessica
  1530 | D:3      | Killed Jessica
  1977 | D:3      | Killed Crazy Yiuf
  2093 | D:4      | Reached XP level 6. HP: 54/62 MP: 5/5
  2314 | D:4      | Reached skill level 5 in Unarmed Combat
  2347 | D:4      | Noticed Robin
  2615 | D:2      | Reached XP level 7. HP: 71/71 MP: 6/6
  3453 | D:4      | Killed Robin
  3604 | D:5      | Entered Level 5 of the Dungeon
  3738 | D:5      | Reached skill level 5 in Fighting
  3738 | D:5      | Reached skill level 6 in Unarmed Combat
  3818 | D:5      | Reached skill level 5 in Dodging
  3864 | D:5      | Reached XP level 8. HP: 68/80 MP: 7/7
  3866 | D:5      | Noticed Eustachio
  3911 | D:4      | Killed Eustachio
  4121 | D:5      | Got a bloodstained demon blade
  4134 | D:5      | Identified the cursed +3 demon blade "Ypua" {vamp, Int+3}
                  | (You found it on level 5 of the Dungeon)
  4319 | D:6      | Reached skill level 7 in Unarmed Combat
  4522 | D:6      | Reached XP level 9. HP: 89/89 MP: 8/8
  5421 | D:7      | Reached skill level 8 in Unarmed Combat
  5468 | D:7      | Found a staircase to the Ecumenical Temple.
  5482 | Temple   | Entered the Ecumenical Temple
  5805 | D:7      | Found a large runed translucent door.
  5805 | D:7      | Found a large runed translucent door.
  5814 | D:7      | Noticed shugdite's ghost (novice MiMo)
  6105 | D:7      | Reached skill level 1 in Evocations
  6408 | D:7      | Killed shugdite's ghost
  6641 | D:8      | Reached XP level 10. HP: 102/102 MP: 10/10
  6841 | D:8      | Found a stormy altar of Qazlal.
  6847 | D:8      | Became a worshipper of Qazlal Stormbringer
  6847 | D:8      | Reached * piety under Qazlal
  6847 | D:8      | Reached ** piety under Qazlal
  6969 | D:9      | Found a staircase to the Lair.
  7184 | D:9      | Reached skill level 9 in Unarmed Combat
  7581 | D:9      | Reached *** piety under Qazlal
  7653 | D:10     | Entered Level 10 of the Dungeon
  7802 | D:10     | Noticed Erica
  7981 | D:10     | HP: 3/104 [something/orb of energy (23)]
  7993 | D:10     | Killed from afar by Erica

Levels and vault maps discovered:
D:1:      lightli_iron_boxes, layout_rooms, st_stairs_11
D:2:      layout_basic, grunt_ministairs_13, minmay_circled_x
D:3:      layout_loops_cross, first_ration, minmay_quantized, uniq_jessica,
          uniq_crazy_yiuf_cottage
D:4:      layout_cave_pools, minmay_unequal, uniq_robin
D:5:      layout_layer_cave, sword_in_stone
D:6:      layout_loops_corners
D:7:      layout_gridville, minmay_temple_entry_overgrown,
          ebering_ghost_disaster_area, grunt_ministairs_1
D:8:      layout_rooms, lemuel_round_altar
D:9:      layout_basic, dpeg_oklobed_lair
D:10:     layout_grid_maze, orc_0_dummy, special_room [special_room_kobold],
          serial_rivers, chequers_serial_rivers_micro_c,
          chequers_serial_rivers_room_a, chequers_serial_rivers_small_b,
          chequers_serial_rivers_large_a, chequers_serial_rivers_micro_b,
          uniq_grum, uniq_erica, uniq_josephine
Temple:   kilobyte_greek_temple

Skill      XL: |  1  2  3  4  5  6  7  8  9 10 |
---------------+-------------------------------+-----
Fighting       | 3 4 5 6 7 |  7.7
Dodging        | 3 4 5 6 7 |  7.7
Unarmed Combat | 4 5 6 7 8 9 |  9.2
Evocations     | 2 3 |  3.2
Stealth        | |  1.0

Action                   |  1- 3 |  4- 6 |  7- 9 | 10-12 || total
-------------------------+-------+-------+-------+-------++-------
Melee: Unarmed           |    67 |   200 |   329 |   161 ||   757
       Punch             |     1 |     2 |     8 |     4 ||    15
Throw: Dart              |       |       |     3 |     8 ||    11
       Throwing net      |       |       |     2 |       ||     2
Invok: Upheaval          |       |       |       |     1 ||     1
Evoke: Wand              |       |       |     1 |       ||     1
  Use: Scroll            |       |     4 |     3 |     5 ||    12
       Potion            |       |       |     3 |     3 ||     6
 Stab: Sleeping          |     4 |     6 |     2 |       ||    12
       Held in net/web   |       |       |     1 |       ||     1
  Eat: Chunk             |    12 |    18 |    36 |    12 ||    78
Armor: Robe              |    27 |    67 |   106 |    32 ||   232
Dodge: Dodged            |    43 |   134 |   189 |    66 ||   432
Block: Other             |       |       |       |    24 ||    24
